 Dungeon Crawl Stone Soup version 0.31-a0-108-gdf935468f2 (webtiles) character file.

Game seed: 1059339537602892809

5168 CowFu the Carver (level 10, -1/93 HPs)
             Began as a Minotaur Fighter on May 28, 2023.
             Was an Initiate of Makhleb.
             Blown up by Psyche (10 damage)
             ... with a mindburst bolt
             ... on level 9 of the Dungeon.
             The game lasted 00:10:30 (7473 turns).

CowFu the Carver (Minotaur Fighter)                 Turns: 7473, Time: 00:10:31

Health: -1/93      AC:  9    Str: 28    XL:     10   Next: 34%
Magic:  18/18      EV: 13    Int:  5    God:    Makhleb [......]
Gold:   424        SH:  5    Dex:  9    Spells: 9/9 levels left

rFire   . . .        a - +9 triple sword "Oppit" {spect, MP+9 Str+2}
rCold   . . .        (shield currently unavailable)
rNeg    . . .        A - +0 troll leather armour
rPois   .            (helmet restricted)
rElec   .            f - +0 cloak
rCorr   .            (no gloves)
SInv    .            m - +1 pair of boots
Will    .....        k - amulet of reflection
Stlth   +            (no ring)
HPRegen 1.15/turn    (no ring)
MPRegen 0.16/turn

%: reflection
@: no status effects
A: horns 2, retaliatory headbutt
a: Renounce Religion


You were on level 9 of the Dungeon.
You worshipped Makhleb.
Makhleb was noncommittal.
You visited 2 branches of the dungeon, and saw 10 of its levels.
You also visited: Ossuary.

You collected 424 gold pieces.

Inventory:

Hand Weapons
 a - the +9 triple sword "Oppit" (weapon) {spect, MP+9 Str+2}
   (You acquired it on level 5 of the Dungeon)

   Str:       It affects your strength (+2).
   MP:        It affects your magic capacity (+9).
 b - a +1 long sword
 F - the +9 whip of the Living Dead {pain, rElec rF+}
   (You found it on level 8 of the Dungeon)

   rF:        It protects you from fire.
   rElec:     It insulates you from electricity.
Armour
 f - a +0 cloak (worn)
 m - a +1 pair of boots (worn)
 A - a +0 troll leather armour (worn)
 D - a scarf of shadows
Jewellery
 k - an amulet of reflection (around neck)
 n - an amulet of faith
 C - a ring of resist corrosion
Wands
 d - a wand of flame (34)
 l - a wand of paralysis (12)
 u - a wand of roots (7)
 w - a wand of mindburst (11)
 x - a wand of quicksilver (11)
Scrolls
 c - a scroll of vulnerability
 g - 5 scrolls of teleportation
 i - a scroll of magic mapping {unknown}
 j - 5 scrolls of identify
 o - 3 scrolls of enchant weapon
 y - 2 scrolls of enchant armour
Potions
 e - a potion of attraction
 h - 2 potions of degeneration {unknown}
 p - 5 potions of curing {unknown}
 q - 2 potions of invisibility {unknown}
 r - 2 potions of berserk rage {unknown}
 s - 3 potions of mutation {unknown}
 t - a potion of heal wounds {unknown}
 v - 2 potions of enlightenment {unknown}
 z - 2 potions of lignification {unknown}
 B - a potion of brilliance {unknown}
 E - a potion of ambrosia {unknown}


   Skills:
 - Level 10.0 Fighting
 + Level 10.3 Long Blades
 - Level 10.0 Armour
 + Level 6.7 Dodging
 - Level 5.0 Shields


You had 9 spell levels left.
You didn't know any spells.
Your spell library contained the following spells:

 Spells                   Type           Power      Damage    Failure   Level
 Magic Dart               Conj           0%         1d3       52%         1
 Searing Ray              Conj           0%         2d4       65%         2
 Fulminant Prism          Conj/Hex       0%         3d5       99%         4


Dungeon Overview and Level Annotations

Branches:
Dungeon (9/15)             Temple (1/1) D:6         Ossuary (visited)
   Lair: D:8-11         Orc: D:9-12

Altars:
Ashenzari
Cheibriados
Dithmenos
Elyvilon
Fedhas
Gozag
Hepliaklqana
Kikubaaqudgha
Makhleb
Nemelex Xobeh
Okawaru
Qazlal
Ru
Sif Muna
Trog
Uskayaw
Vehumet
Wu Jian
Xom
Yredelemnul
Zin
The Shining One

Annotations:
D:3 1 runed translucent door, ZoeForever1's ghost, weakling DEAE
D:9 Psyche


Innate Abilities, Weirdness & Mutations

You have a pair of horns on your head.
You reflexively headbutt those who attack you in melee.


Message History

You are no longer poisoned.
The gnoll misses you.
The gnoll sergeant hits you with a +5 spear of venom!
You are poisoned.
You slash the gnoll sergeant!
You kill the gnoll sergeant!
Makhleb accepts your kill.
You feel very sick. The gnoll closely misses you.
The gnoll hits you from afar with a +0 spear.
You feel sick. The gnoll barely misses you.
The gnoll hits you but does no damage.
Things that are here:
a +5 spear of venom; a +0 ring mail; a +0 buckler You closely miss the gnoll.
You feel sick.
The gnoll hits you from afar with a +0 vampiric spear.
The gnoll draws strength from your wounds!
The gnoll hits you but does no damage.
You slice the gnoll!!
You kill the gnoll!
Makhleb accepts your kill.
You feel sick. The gnoll barely misses you. Something hits you!
You feel sick. Something hits you!
* * * LOW HITPOINT WARNING * * *
You feel sick.
You feel sick.
You hear some strange, mumbled words.
A swirling arc of seething chaos appears!
The arc of chaos arcs out of your line of sight!
An arc of chaos appears from out of thin air!
The arc of chaos suddenly appears!
You hear a zap.
Your mind is blasted!
* * * LOW HITPOINT WARNING * * *
You feel sick.
You are no longer poisoned.
You hear a zap.
Your mind is blasted!
You die...

######## #######
#......# .......
#......##### ....$..
#.......)g.##.......
#......###..#..{....
#.[....# ##.#.g.....
#...@..# #.#.......
#......# #.g)......
##.##### ###.......
#.# ##+#### #.# #.#
#># #.# ##.#


There were no monsters in sight!

Vanquished Creatures
  A hornet (D:9)
  2 trolls
  3 dream sheep (D:7)
  Sigmund (D:6)
  6 yaks (D:8)
  A steam dragon (D:6)
  2 sky beasts
  3 black bears
  5 centaurs
  An elf zombie (Ossuary)
  5 kobold brigands
  3 bullfrogs
  2 gnoll sergeants
  5 scorpions
  5 wights (D:7)
  A howler monkey (D:7)
  2 hounds
  2 jellies
  2 orc priests
  A gnoll bouda (D:7)
  3 iguanas
  2 sleepcaps
  2 orc wizards
  A hound zombie (Ossuary)
  4 mummies (Ossuary)
  12 gnolls
  6 adders
  2 white imps
  An ufetubus (D:5)
  An adder zombie (Ossuary)
  3 dart slugs
  22 orcs
  2 endoplasms
  8 giant cockroaches
  4 goblins
  6 hobgoblins
  2 jackals (D:3)
  3 quokkas
  8 ball pythons
  5 bats
  7 frilled lizards
  2 gnoll zombies (Ossuary)
  3 goblin zombies (Ossuary)
  A hobgoblin zombie (Ossuary)
  28 kobolds
  3 orc zombies (Ossuary)
  3 rats
197 creatures vanquished.

Vanquished Creatures (others)
  A spectral weapon (D:9)
1 creature vanquished.

Grand Total: 198 creatures vanquished

Notes
Turn   | Place    | Note
-------+----------+-------------------------------------------
     0 | D:1      | CowFu the Minotaur Fighter began the quest for the Orb.
     0 | D:1      | Reached XP level 1. HP: 19/19 MP: 0/0
   165 | D:1      | Reached XP level 2. HP: 27/27 MP: 1/1
   340 | D:1      | Reached skill level 1 in Dodging
   509 | D:2      | Reached XP level 3. HP: 33/33 MP: 2/2
   899 | D:2      | Reached XP level 4. HP: 36/40 MP: 3/3
  1134 | D:2      | Identified the +2 sling of the Nexus {heavy, Str+6 Int+3
                  | Stlth-}
  1334 | D:2      | Found an ancient bone altar of Kikubaaqudgha.
  1874 | D:3      | Found a runed translucent door.
  1881 | D:3      | Noticed a bullfrog
  1881 | D:3      | Noticed ZoeForever1's ghost (weakling DEAE)
  2398 | D:4      | Reached XP level 5. HP: 35/47 MP: 4/4
  2708 | D:4      | Noticed a black bear
  2720 | D:4      | Killed a black bear
  2721 | D:4      | Reached skill level 5 in Armour
  2721 | D:4      | Reached skill level 5 in Shields
  2721 | D:4      | Reached XP level 6. HP: 54/55 MP: 5/5
  2948 | D:5      | Entered Level 5 of the Dungeon
  2951 | D:5      | Reached skill level 5 in Fighting
  2968 | D:5      | Reached skill level 5 in Long Blades
  2972 | D:5      | Identified a scroll of acquirement
  2972 | D:5      | Acquired the +9 triple sword "Oppit" {spect, MP+9 Str+2}
  3147 | D:5      | Reached XP level 7. HP: 61/61 MP: 6/6
  3623 | D:5      | Found a sand-covered staircase.
  3641 | Ossuary  | Entered an ossuary
  4085 | D:6      | Reached XP level 8. HP: 63/70 MP: 7/7
  4098 | D:6      | Reached skill level 5 in Dodging
  4138 | D:6      | Noticed Sigmund
  4155 | D:6      | Killed Sigmund
  4212 | D:6      | Found a bloodstained altar of Trog.
  4228 | D:6      | Noticed a troll
  4232 | D:6      | Killed a troll
  4469 | D:6      | Found a staircase to the Ecumenical Temple.
  4918 | D:7      | Reached XP level 9. HP: 66/81 MP: 8/8
  5348 | D:7      | Found a glowing silver altar of Zin.
  5944 | D:8      | Identified the +9 whip of the Living Dead {pain, rElec rF+}
  6305 | D:8      | Reached XP level 10. HP: 88/92 MP: 9/9
  6324 | D:8      | Reached skill level 10 in Fighting
  6544 | D:8      | Reached skill level 10 in Long Blades
  6784 | Temple   | Entered the Ecumenical Temple
  7179 | Temple   | Became a worshipper of Makhleb the Destroyer
  7418 | D:9      | Reached skill level 10 in Armour
  7452 | D:9      | Noticed Psyche
  7473 | D:9      | Blown up by Psyche

Illustrated notes

Levels and vault maps discovered:
D:1:      eino_arrival_water_cross, layout_basic, st_stairs_9,
          kennysheep_doodads, minmay_pentomino_s2
D:2:      layout_basic, basic_altar, nicolae_grassy_gnolls
D:3:      layout_basic, ebering_ghost_sewer_d, grunt_ministairs_6,
          due_unseen_surprise
D:4:      layout_loops_ring
D:5:      nicolae_cairo_tiling_very_big, layout_rooms,
          chequers_ossuary_entry_cave, minmay_misc_feat_ornament
D:6:      layout_basic, mainiacjoe_overflow_surrounded_room,
          minmay_temple_entry_proselytizer, minmay_circle_x, uniq_sigmund
D:7:      layout_basic, overflow_temple_1_default, dreamdust_gnoll_shepherd
D:8:      layout_gridville
D:9:      layout_roguey, erik_lair_island, minmay_crystal_room, uniq_erolcha,
          uniq_psyche, uniq_erica
Temple:   mainiacjoe_temple_big_plus

Skill      XL: |  1  2  3  4  5  6  7  8  9 10 |
---------------+-------------------------------+-----
Dodging        | 1 2 3 4 5 6 |  6.7
Fighting       | 4 5 6 7 9 10 | 10.0
Armour         | 4 5 6 7 9 10 | 10.0
Shields        | 4 5 |  5.0
Long Blades    | 3 4 5 6 7 9 10 | 10.3

Action                     |  1- 3 |  4- 6 |  7- 9 | 10-12 || total
---------------------------+-------+-------+-------+-------++-------
  Melee: Long sword        |    65 |   135 |       |       ||   200
         Headbutt          |     7 |    20 |    20 |     1 ||    48
         Triple sword      |       |     4 |   166 |    25 ||   195
    Use: Potion            |       |     1 |       |       ||     1
         Scroll            |       |     6 |     4 |       ||    10
 Armour: Scale mail        |    39 |    17 |       |       ||    56
         Leather armour    |       |    42 |    80 |       ||   122
         Troll leather arm |       |       |    32 |     5 ||    37
  Dodge: Dodged            |    39 |    68 |   146 |    21 ||   274
  Block: Buckler           |    17 |    68 |       |       ||    85
         Other             |       |       |    35 |     7 ||    42
         Reflection        |       |       |     7 |       ||     7

Table legend: (Time is in decaauts)
 A = Elapsed time spent in this place.
 B = Non-inter-level travel time spent in this place.
 C = Inter-level travel time spent in this place.
 D = Time resting spent in this place.
 E = Time spent auto-exploring this place.
 F = Levels seen in this place.
 G = Mean time per level.
                   A        B        C        D        E       F      G
               +--------+--------+--------+--------+--------+-----+--------+
         Total |   7614 |   7177 |    437 |      0 |   5858 |  11 |  692.2 |
       Dungeon |   6984 |   6576 |    408 |      0 |   5335 |   9 |  776.0 |
        Temple |    425 |    396 |     29 |      0 |    384 |   1 |  425.0 |
       Ossuary |    204 |    204 |      0 |      0 |    139 |   1 |  204.0 |
               +--------+--------+--------+--------+--------+-----+--------+

Top non-repeatable levels by time:
     D:2: 1129 daAuts
     D:7: 1025 daAuts
     D:5: 956 daAuts
     D:8: 953 daAuts
     D:6: 905 daAuts
     D:4: 715 daAuts
     D:3: 714 daAuts
     D:1: 519 daAuts
  Temple: 425 daAuts
 Ossuary: 204 daAuts
     D:9: 65 daAuts
